 Dungeon Crawl Stone Soup version 0.28-a0-105-g49a0850c41 (webtiles) character file.

Game seed: 2564853324651653057

944762 nefef the Slayer (level 27, 0/211 (214) HPs)
             Began as a Gargoyle Earth Elementalist on Aug 10, 2021.
             Was the Champion of Vehumet.
             Killed by miscasting Death's Door (7 damage)
             ... on level 16 of a ziggurat on Aug 11, 2021.
             The game lasted 04:12:35 (68871 turns).

nefef the Slayer (Gargoyle Earth Elementalist)     Turns: 68871, Time: 04:12:35

HP:   0/211 (214)   AC: 33    Str: 14    XL:     27
MP:   43/52         EV: 23    Int: 39    God:    Vehumet [******]
Gold: 14590         SH:  5    Dex: 22    Spells: 3/76 levels left

rFire   + + +      SeeInvis .   m - +11 flail "Xog Sacs" {vorpal, rCorr Dex+5}
rCold   . . .      Faith    .   (no shield)
rNeg    + + .      Spirit   .   o - +4 troll leather armour {Purgy}
rPois   ∞          Reflect  +   W - +1 helmet of Nostar {rElec rF+++ Regen+ Stlth-}
rElec   +          Harm     .   i - +1 cloak of the Enchanted Forest {+Inv Will+ Dex+4}
rCorr   +          Rampage  ∞   y - +2 pair of gloves {Dex+3}
Will    +++..                   h - +3 pair of seven-league boots {Rampage+∞}
Stlth   +.........              z - amulet "Susuil" {Reflect rElec rPois Int+4 Slay+3 SH+5}
HPRegen 2.45/turn               d - +4 ring of slaying
MPRegen 0.33/turn               Q - ring of Jaasaib {rElec rN+ Int+6 Slay+3}

@: corroded, flying, very slightly contaminated, studying 4 skills, lightly
drained
A: sickness immunity, AC +20, big wings, negative energy resistance 1,
electricity resistance, torment resistance 1, petrification resistance, clever
1, robust 1
}: 4/15 runes: decaying, slimy, silver, gossamer
a: Renounce Religion, Evoke Invisibility


You were on level 16 of a ziggurat.
You worshipped Vehumet.
Vehumet was exalted by your worship.
You visited 11 branches of the dungeon, and saw 53 of its levels.
You visited 2 ziggurats (completing 1), and saw 43 of their levels.
You also visited: Sewer, Bailey, Ice Cave and Wizlab.

You collected 18024 gold pieces.
You spent 3434 gold pieces at shops.

Inventory:

Hand Weapons
 m - the +11 flail "Xog Sacs" (weapon) {vorpal, rCorr Dex+5}
   (You found it on level 1 of the Vaults)

   It inflicts extra damage upon your enemies.
   Dex:       It affects your dexterity (+5).
   rCorr:     It protects you from acid and corrosion.
 Z - a +9 eveningstar of electrocution
Armour
 c - the +0 mask of the Dragon {Will+ Slay+3 SInv}
   (You found it on level 5 of the Vaults)

   Slay:      It affects your accuracy & damage with ranged weapons and melee
   (+3).
   SInv:      It lets you see invisible.
   Will:      It increases your willpower.
 h - the +3 pair of seven-league boots (worn) {Rampage+∞}
   (You found it on level 5 of the Lair of Beasts)

   Its wearer moves as far as possible in that direction when moving towards
   enemies.
 i - the +1 cloak of the Enchanted Forest (worn) {+Inv Will+ Dex+4}
   (You found it in a wizard's laboratory)

   Dex:       It affects your dexterity (+4).
   +Inv:      It lets you turn invisible.
   Will:      It increases your willpower.
 o - a +4 troll leather armour (worn) {Purgy}
 y - a +2 pair of gloves of dexterity (worn)
 W - the +1 helmet of Nostar (worn) {rElec rF+++ Regen+ Stlth-}
   (You found it on level 5 of the Vaults)

   rF:        It renders you almost immune to fire.
   rElec:     It insulates you from electricity.
   Regen:     It increases your rate of health regeneration.
   Stlth:     It makes you less stealthy.
Jewellery
 d - a +4 ring of slaying (left hand)
 z - the amulet "Susuil" (around neck) {Reflect rElec rPois Int+4 Slay+3 SH+5}
   (You found it on level 13 of the Dungeon)

   [amulet of reflection]

   It reflects blocked missile attacks.
   Int:       It affects your intelligence (+4).
   Slay:      It affects your accuracy & damage with ranged weapons and melee
   (+3).
   rElec:     It insulates you from electricity.
   rPois:     It protects you from poison.
   SH:        It affects your SH (+5).
 Q - the ring of Jaasaib (right hand) {rElec rN+ Int+6 Slay+3}
   (You acquired it on level 5 of the Depths)

   [ring of intelligence]

   Int:       It affects your intelligence (+6).
   Slay:      It affects your accuracy & damage with ranged weapons and melee
   (+3).
   rElec:     It insulates you from electricity.
   rN:        It protects you from negative energy.
 S - a ring of wizardry
 X - the ring of Bucuuph {Fly rC+++}
   (You found it on level 27 of a ziggurat)

   [ring of flight]

   rC:        It renders you almost immune to cold.
   Fly:       It grants you flight.
Wands
 b - a wand of iceblast (62)
 V - a wand of acid (54)
Scrolls
 a - 14 scrolls of amnesia
 e - 7 scrolls of magic mapping
 k - 17 scrolls of blinking
 p - 23 scrolls of fog
 q - 8 scrolls of fear
 D - 2 scrolls of summoning
 E - 49 scrolls of teleportation
 O - 73 scrolls of identify
 U - 3 scrolls of holy word
Potions
 f - 12 potions of cancellation
 j - 9 potions of haste
 l - 8 potions of brilliance
 t - 37 potions of mutation
 v - 19 potions of curing
 x - 2 potions of invisibility
 C - 7 potions of magic
 I - 13 potions of ambrosia
 M - 5 potions of might
 N - 12 potions of heal wounds
 R - 2 potions of berserk rage
Miscellaneous
 B - a condenser vane
 H - a phantom mirror
 J - a box of beasts
 K - a tin of tremorstones (2/2)


   Skills:
 + Level 25.8 Fighting
 - Level 16.0 Maces & Flails
 - Level 6.0 Armour
 - Level 15.0 Dodging
 - Level 2.1 Stealth
 + Level 25.4 Spellcasting
 - Level 22.5 Conjurations
 - Level 18.0 Necromancy
 - Level 10.0 Transmutations
 - Level 23.0 Fire Magic
 + Level 14.2 Ice Magic
 - Level 24.0 Earth Magic
 - Level 10.0 Evocations


You had 3 spell levels left.
You knew the following spells:

 Your Spells              Type           Power      Damage    Failure   Level
a - Shatter               Erth           62%        3d46*     1%          9
b - Stone Arrow           Conj/Erth      100%       3d13      0%          3
c - Lee's Rapid Deconstr  Erth           62%        3d30*     0%          5
d - Lehudib's Crystal Sp  Conj/Erth      62%        10d14     1%          8
e - Death's Door          Necr           56%        N/A       30%         9
f - Fire Storm            Conj/Fire      61%        8d16      1%          9
g - Ignition              Fire           61%        3d17      1%          8
h - Irradiate             Conj/Tmut      54%        3d31      0%          5
i - Necromutation         Tmut/Necr      51%        N/A       10%         8
j - Polar Vortex          Ice            51%        N/A       32%         9

Your spell library contained the following spells:

 Spells                   Type           Power      Damage    Failure   Level
 Chain Lightning          Conj/Air       47%        3d63      71%         9
 Beastly Appendage        Tmut           100%       N/A       0%          1
 Foxfire                  Conj/Fire      100%       2x1d9     0%          1
 Freeze                   Ice            100%       1d11      0%          1
 Magic Dart               Conj           100%       1d8       0%          1
 Pain                     Necr           100%       1d9       0%          1
 Sandblast                Erth           100%       2d20      0%          1
 Shock                    Conj/Air       100%       1d9       0%          1
 Passwall                 Tmut/Erth      91%        N/A       0%          2
 Static Discharge         Conj/Air       95%        N/A       0%          2
 Wereblood                Tmut           91%        N/A       0%          2
 Conjure Flame            Conj/Fire      100%       6-21      0%          3
 Dazzling Flash           Conj/Hex       100%       N/A       0%          3
 Frozen Ramparts          Ice            100%       1d12      0%          3
 Ignite Poison            Fire/Tmut/Pois 94%        N/A       0%          3
 Inner Flame              Hex/Fire       96%        N/A       0%          3
 Ozocubu's Armour         Ice            100%       N/A       0%          3
 Vampiric Draining        Necr           56%        2d14      0%          3
 Apportation              Tloc           98%        N/A       1%          1
 Corona                   Hex            54%        N/A       1%          1
 Sting                    Tmut/Pois      100%       1d8       1%          1
 Blink                    Tloc           N/A        N/A       1%          2
 Call Imp                 Summ           49%        N/A       1%          2
 Corpse Rot               Necr/Air       N/A        N/A       1%          2
 Ensorcelled Hibernation  Hex/Ice        100%       N/A       1%          2
 Poisonous Vapours        Pois/Air       98%        N/A       1%          2
 Slow                     Hex            49%        N/A       1%          2
 Call Canine Familiar     Summ           49%        N/A       1%          3
 Confusing Touch          Hex            49%        N/A       1%          3
 Gell's Gravitas          Tloc           24%        N/A       1%          3
 Lesser Beckoning         Tloc           24%        N/A       1%          3
 Mephitic Cloud           Conj/Pois/Air  83%        N/A       1%          3
 Portal Projectile        Hex/Tloc       98%        N/A       1%          3
 Spider Form              Tmut/Pois      36%        N/A       1%          3
 Summon Guardian Golem    Hex/Summ       49%        N/A       1%          3
 Swiftness                Air            49%        N/A       1%          3
 Teleport Other           Tloc           49%        N/A       1%          3
 Tukima's Dance           Hex            49%        N/A       1%          3
 Animate Dead             Necr           56%        N/A       0%          4
 Dispel Undead            Necr           100%       3d31      0%          4
 Hailstorm                Conj/Ice       100%       3d20      0%          4
 Petrify                  Tmut/Erth      100%       N/A       0%          4
 Sticky Flame             Conj/Fire      100%       2d11      0%          4
 Agony                    Necr           100%       N/A       0%          5
 Bolt of Magma            Conj/Fire/Erth 62%        4d24      0%          5
 Borgnjor's Vile Clutch   Necr/Erth      59%        N/A       0%          5
 Excruciating Wounds      Necr           56%        N/A       0%          5
 Fireball                 Conj/Fire      61%        3d23      0%          5
 Iron Shot                Conj/Erth      62%        9d12      0%          6
 Starburst                Conj/Fire      61%        8x6d16    0%          6
 Airstrike                Air            24%        N/A       1%          4
 Animate Armour           Summ/Erth      100%       N/A       1%          4
 Fulminant Prism          Conj/Hex       47%        3d21      1%          4
 Ice Form                 Ice/Tmut       97%        N/A       1%          4
 Iskenderun's Mystic Bla  Conj/Tloc      95%        2d18      1%          4
 Leda's Liquefaction      Hex/Erth       48%        N/A       1%          4
 Olgreb's Toxic Radiance  Pois           49%        N/A       1%          4
 Summon Ice Beast         Ice/Summ       81%        N/A       1%          4
 Alistair's Intoxication  Tmut/Pois      48%        N/A       1%          5
 Blade Hands              Tmut           45%        N/A       1%          5
 Freezing Cloud           Conj/Ice/Air   49%        6-21      1%          5
 Lightning Bolt           Conj/Air       47%        1d68      1%          5
 Metabolic Englaciation   Hex/Ice        40%        N/A       1%          5
 Yara's Violent Unravell  Hex/Tmut       36%        3d15      1%          5
 Conjure Ball Lightning   Conj/Air       47%        3x3d16    1%          6
 Death Channel            Necr           56%        N/A       1%          6
 Simulacrum               Ice/Necr       54%        N/A       1%          6
 Orb of Destruction       Conj           61%        9d17      1%          7
 Ozocubu's Refrigeration  Ice            51%        4d15      1%          7
 Spellforged Servitor     Conj/Summ      47%        N/A       1%          7
 Borgnjor's Revivificati  Necr           56%        N/A       1%          8
 Infestation              Necr           56%        N/A       1%          8
 Eringya's Noxious Bog    Tmut/Pois      36%        N/A       2%          6
 Cause Fear               Hex            24%        N/A       4%          4
 Passage of Golubria      Tloc           N/A        N/A       4%          4
 Summon Lightning Spire   Summ/Air       49%        N/A       4%          4
 Dragon Form              Tmut           45%        N/A       7%          7
 Haunt                    Necr/Summ      44%        N/A       10%         7
 Manifold Assault         Tloc           49%        N/A       13%         5
 Silence                  Hex/Air        24%        N/A       13%         5
 Summon Forest            Summ/Tloc      24%        N/A       13%         5
 Summon Mana Viper        Hex/Summ       49%        N/A       13%         5
 Storm Form               Tmut/Air       36%        N/A       45%         7
 Dispersal                Tloc           24%        N/A       58%         6
 Invisibility             Hex            24%        N/A       58%         6
 Shadow Creatures         Summ           N/A        N/A       58%         6
 Malign Gateway           Summ/Tloc      24%        N/A       99%         7
 Monstrous Menagerie      Summ           24%        N/A       99%         7
 Summon Hydra             Summ           24%        N/A       99%         7
 Discord                  Hex            24%        N/A       100%        8
 Dragon's Call            Summ           24%        N/A       100%        9
 Sublimation of Blood     Necr           Unusable   N/A       N/A         2
 Statue Form              Tmut/Erth      Unusable   N/A       N/A         6

Dungeon Overview and Level Annotations

Branches:
Dungeon (15/15)            Temple (1/1) D:5            Lair (6/6) D:10
  Swamp (4/4) Lair:2       Spider (4/4) Lair:2        Slime (5/5) Lair:6
    Orc (2/2) D:9             Elf (3/3) Orc:2        Vaults (5/5) D:14
  Crypt (3/3) Vaults:3       Tomb (0/3) Crypt:3      Depths (5/5) D:15
    Zot (0/5) Depths:5      Sewer (visited)          Bailey (visited)
  IceCv (visited)          WizLab (visited)

Altars:
Ashenzari
Cheibriados
Dithmenos
Elyvilon
Fedhas
Hepliaklqana
Kikubaaqudgha
Makhleb
Nemelex Xobeh
Okawaru
Qazlal
Ru
Trog
Uskayaw
Vehumet
Wu Jian
Xom
Yredelemnul
Zin
The Shining One
Beogh
Jiyva

Shops:
D:7 (   D:12 [   Orc:2 :![:   Elf:2 !   Elf:3 !   Vaults:2 ?*([   Vaults:3 (
Depths:1 ::=   Depths:5 (

Portals:
Hell: Depths:1 Depths:2 Depths:3 Depths:4 Depths:5
Abyss: D:8 Depths:1 Depths:4
Pandemonium: Depths:3

Annotations:
D:8 2 transporters, anet's ghost, novice GnDe
D:9 3 runed translucent doors, hYBRISjENS's ghost, journeyman MiFi; sidorion's ghost, novice MiFi
D:13 3 runed translucent doors, dsnv's ghost, journeyman GrEE
Lair:6 2 transporters, Beaer's ghost, journeyman VSBr
Elf:1 1 runed translucent door
Elf:2 3 runed translucent doors
Zig:16 exclusion: 6 oklob plants


Innate Abilities, Weirdness & Mutations

You are immune to sickness and miasma.
Your stone body is resilient. (AC +20)
You are immune to poison.
Your large and strong wings let you fly.
You resist negative energy. (rN+)
You are resistant to electric shocks. (rElec)
You are resistant to unholy torment.
You are immune to petrification.
Your mind is acute. (Int +2)
You are robust. (+10% HP)


Message History

You block the caustic shrike zombie's attack.
A tormentor comes into view.
A caustic shrike zombie comes into view.
The oklob plant spits acid at you. The splash of acid hits you. You resist.
The acid corrodes you!
You are splashed with acid.
You resist. The shard shrike claws you. The shard shrike freezes you!!!
The oklob plant spits acid at you.
The splash of acid hits you but does no damage.
The acid corrodes you!
You are splashed with acid!
You resist.
* * * LOW HITPOINT WARNING * * *
A freezing wraith comes into view.
The caustic shrike zombie misses you.
A freezing wraith comes into view.
Unknown command.
Unknown command.
Unknown command.
Unknown command.
An Ice Fiend, a wraith, a zombie and a skeleton come into view.
The Ice Fiend roars!
The shard shrike screeches!
The shard shrike claws you but does no damage.
The caustic shrike skeleton misses you.
The shard shrike spits a shard of ice at you.
The shard of ice hits you!!!
* * * LOW HITPOINT WARNING * * *
A quicksilver dragon zombie comes into view.
The caustic shrike zombie closely misses you.
The caustic shrike skeleton completely misses you.
The shard shrike claws you but does no damage.
The reaper completely misses you.
A deep elf high priest skeleton comes into view.
Unknown command.
Unknown command.
Casting: Ignition (mildly dangerous; 1% risk of failure)
Confirm with . or Enter, or press ? or * to list all spells.
You miscast Death's Door.
You are very lightly contaminated with residual magic.
The world around you seems to dim momentarily!
You partially resist.
You feel drained.
You die...

...............
...............PP.PP...▓
....P..........PP.P.....
................P.......
........................
...2....................
ZZ..Z...................
...Z..2@................
.ZW.Z.ZZbb..............
Z....Z.Zb...............
.W......................
........................
......Z.................
1.P..............PP.....
WP...P.........PP.P.....
P...P.............P...▓


You could see 3 shard shrikes, an Ice Fiend, a reaper, 2 freezing wraiths, a
tormentor, a wraith, a quicksilver dragon zombie, 2 spriggan defender zombies, 2
tengu reaver zombies, 2 caustic shrike zombies, a shadow dragon skeleton, a deep
elf high priest skeleton, a tengu reaver skeleton, a caustic shrike skeleton and
a deep elf elementalist skeleton.

Vanquished Creatures
  the Royal Jelly (Slime:5)
  9 dread liches
  11 ancient liches
  Mennas (Depths:4)
  Mara (Elf:3)
  10 juggernauts
  28 royal mummies
  Boris (Vaults:3)
  Margery (Vaults:3)
  Xtahua (Depths:5)
  The ghost of Foasmeck the Peltast, a veteran MiFi of Qazlal (Vaults:3)
  20 golden dragons
  Jory (Depths:4)
  Nikola (Vaults:2)
  2 profane servitors (Crypt:3)
  3 bone dragons
  8 pandemonium lords
  3 Brimstone Fiends
  An electric golem (Zig:7)
  14 tentacled monstrosities
  2 Tzitzimimeh (Zig:13)
  An iron giant (Zig:1)
  A hellephant (Zig:25)
  2 Ice Fiends
  A Hell Sentinel (Zig:10)
  7 liches
  A quicksilver dragon (Depths:4)
  3 deep elf blademasters
  4 Executioners (Zig:13)
  7 deep elf master archers
  15 titans
  10 acid blobs (Slime:5)
  5 ancient champions
  17 sphinxes
  11 tentacled starspawn
  2 eldritch tentacles
  5 thorn hunters
  3 sphinxes (shapeshifter)
  The ghost of Beaer the Unseen, an adept VSBr of Okawaru (Elf:3)
  Agnes (D:15)
  Kirke (D:13)
  5 storm dragons
  5 draconian monks
  Donald (Elf:1)
  7 shadow dragons
  The ghost of kuniqs the Blocker, an adept DsFi of Okawaru (Spider:1)
  12 tengu reavers
  Roxanne (Swamp:1)
  5 revenants
  An azure jelly (shapeshifter) (Zig:14)
  16 rockslimes
  9 nagarajas
  16 fire giants
  14 azure jellies
  2 fenstrider witches
  3 draconian scorchers
  17 ghost moths
  Louise (Swamp:4)
  21 orc warlords
  6 draconian knights
  8 frost giants
  3 caustic shrike zombies
  10 deep elf sorcerers
  4 balrugs
  4 blood saints
  10 draconian stormcallers
  A cacodemon (Zig:10)
  2 warmongers
  17 vault wardens
  4 curse skulls
  2 juggernaut zombies
  8 deep elf elementalists
  11 emperor scorpions
  7 draconian shifters
  5 spriggan defenders
  17 ghouls
  3 iron dragons
  22 ironbound preservers
  37 very ugly things
  A juggernaut skeleton (Zig:17)
  3 draconian annihilators
  2 green draconians
  41 stone giants
  8 reapers
  10 vampire knights
  3 quicksilver oozes (Slime:5)
  4 war gargoyles
  5 black suns
  2 bennus (Zig:11)
  A white draconian (Zig:19)
  2 corrupters
  Nessos (D:14)
  A lorocyproca (Zig:13)
  A yellow draconian (Depths:5)
  21 bunyips
  27 deep elf annihilators
  13 deep elf demonologists
  4 dire elephants (Vaults:3)
  14 entropy weavers
  23 spark wasps
  5 black draconians
  2 red draconians
  7 blizzard demons
  8 purple draconians
  12 eleionomae
  29 mummy priests
  14 deep elf death magi
  7 jiangshi
  30 green deaths
  17 ettins
  A merfolk impaler (Depths:5)
  6 merfolk javelineers
  14 fire dragons
  2 eleionomae (shapeshifter) (Zig:14)
  22 eidola
  Josephine (D:13)
  2 quicksilver dragon zombies (Crypt:3)
  13 great orbs of eyes
  12 deep elf high priests
  8 rakshasas
  8 shambling mangroves
  16 yaktaur captains
  A monstrous demonspawn (Zig:13)
  8 ironbound thunderhulks
  36 vault guards
  64 hydras
  A salamander tyrant (Zig:13)
  A naga warrior (Zig:13)
  8 ogre magi
  5 boulder beetles
  An ice dragon (shapeshifter) (Zig:24)
  A catoblepas (shapeshifter) (Vaults:5)
  A caustic shrike simulacrum (Zig:11)
  2 hell beasts
  4 catoblepae
  7 spriggan air magi
  4 ghost crabs
  9 ice dragons
  An anaconda (shapeshifter) (Vaults:5)
  4 alligator snapping turtles (Zig:23)
  5 ironbound frosthearts
  2 death knights (Crypt:3)
  12 centaur warriors
  31 dancing weapons
  2 anacondas
  11 two-headed ogres
  20 alligators
  12 death scarabs
  4 merfolk aquamancers (Zig:23)
  18 vampire magi
  15 tengu warriors
  6 death yaks (Lair:6)
  11 deep troll earth magi
  8 deep troll shamans
  A titan zombie (Zig:12)
  3 hell hogs
  A shock serpent (shapeshifter) (Vaults:5)
  7 soul eaters
  6 shock serpents
  9 spriggan berserkers
  26 spriggans
  6 ironbound beastmasters
  7 thrashing horrors (Zig:25)
  7 hell knights
  Nergalle (Orc:2)
  2 titan skeletons (Zig:17)
  22 orc high priests
  A naga sharpshooter (Zig:13)
  2 storm dragon zombies
  23 deep elf knights
  5 wretched stars (Zig:25)
  2 fire crabs
  23 iron trolls
  21 skeletal warriors
  3 salamander mystics
  3 sixfirhies
  61 deep trolls
  21 spriggan druids
  A storm dragon skeleton (Zig:22)
  2 shadow demons
  3 shadow wraiths
  8 goliath frogs
  19 large abominations
  An entropy weaver zombie (Crypt:2)
  A swamp dragon (shapeshifter) (Zig:14)
  A spatial maelstrom (Zig:25)
  23 swamp dragons
  6 glowing orange brains
  16 starcursed masses
  9 bog bodies
  An orange crystal statue (Zig:1)
  An anaconda zombie (Crypt:3)
  4 golden dragon zombies
  23 deep elf archers
  3 flayed ghosts
  17 death drakes
  3 golden dragon skeletons
  2 obsidian statues
  7 necromancers
  11 wizards
  16 orc knights
  2 naga ritualists (Zig:13)
  25 phantasmal warriors
  A wolf spider zombie (Crypt:3)
  18 ironbound convokers
  2 shadow dragon zombies
  9 oklob plants
  3 human zombies
  5 lindwurms
  A harpy (Zig:23)
  50 wolf spiders
  2 mana vipers
  44 deep elf pyromancers
  A shadow dragon skeleton (Crypt:2)
  2 fire giant zombies
  41 deep elf zephyrmancers
  19 orc sorcerers
  65 ugly things
  33 orb spiders
  A manticore (shapeshifter) (Zig:5)
  2 salamanders (Zig:13)
  14 will-o-the-wisps
  3 sphinx skeletons
  4 cyclopes
  2 shining eyes (Slime:5)
  A fire giant skeleton (Zig:11)
  3 stone giant zombies (Crypt:3)
  An iron dragon zombie (Zig:14)
  An elephant (shapeshifter) (Zig:10)
  20 moths of wrath
  6 manticores
  A worldbinder (Zig:25)
  2 stone giant skeletons
  2 dire elephant zombies
  4 elephants (Lair:6)
  2 iron dragon skeletons (Zig:17)
  2 rust devils (Depths:3)
  18 vault sentinels
  3 guardian serpents
  A faun (shapeshifter) (D:15)
  2 moths of wrath (shapeshifter)
  A guardian serpent (shapeshifter) (Elf:3)
  A titan simulacrum (Zig:22)
  An elf zombie (Zig:17)
  A spriggan zombie (Zig:12)
  2 apocalypse crabs (Zig:25)
  6 torpor snails
  2 water nymphs (shapeshifter)
  10 black mambas
  3 ice statues
  4 naga magi
  3 smoke demons (Zig:25)
  2 frost giant skeletons
  12 cane toads
  A shock serpent zombie (Crypt:3)
  2 orange demons
  A storm dragon simulacrum (Zig:12)
  A cane toad (shapeshifter) (Zig:24)
  2 gargoyles
  5 eyes of devastation
  An unseen horror (D:11)
  7 hellions
  3 komodo dragons (shapeshifter)
  21 yaktaurs
  3 rime drakes
  23 demonic crawlers
  3 efreet
  An unseen horror (shapeshifter) (Vaults:5)
  13 ice devils
  4 anaconda simulacra (IceCv)
  14 freezing wraiths
  3 hellwings
  7 tengu conjurers
  2 harpy zombies (Crypt:3)
  4 tormentors
  2 entropy weaver simulacra (IceCv)
  A death drake zombie (Crypt:2)
  4 red devils
  5 ancient zymes
  38 guardian mummies
  7 komodo dragons
  15 tyrant leeches
  47 jumping spiders
  9 trolls
  6 bloated husks
  3 meliai (D:14)
  2 jumping spiders (shapeshifter)
  A merfolk (Zig:23)
  2 polar bears
  3 spriggan skeletons
  A wind drake (Zig:23)
  5 raiju
  51 hornets
  An ice dragon zombie (Zig:2)
  A snapping turtle (shapeshifter) (Zig:5)
  63 slime creatures
  2 ettin zombies
  24 blink frogs
  A dream sheep (shapeshifter) (Zig:10)
  7 dream sheep (Lair:6)
  A fire dragon zombie (Crypt:3)
  A fire giant simulacrum (Zig:6)
  A black mamba zombie (Crypt:3)
  A redback (shapeshifter) (Zig:24)
  22 flying skulls
  A stone giant simulacrum (Zig:4)
  An ice dragon skeleton (WizLab)
  7 ynoxinuls
  2 shadows
  2 air elementals
  41 tarantellas
  3 wyverns
  A satyr skeleton (Crypt:1)
  16 ushabtiu
  95 redbacks
  An ettin skeleton (Zig:2)
  15 wraiths
  2 dire elephant simulacra (IceCv)
  7 fire elementals
  20 water elementals
  A spriggan simulacrum (Zig:12)
  52 yaks
  A golden eye (Slime:5)
  4 hogs (D:13)
  A tyrant leech zombie (Crypt:1)
  5 elf skeletons
  3 basilisks
  9 chaos spawn
  8 death yak simulacra (IceCv)
  3 steam dragons
  7 vampire mosquitoes
  3 neqoxecs (Zig:25)
  4 nagas
  4 acid dragons
  2 spatial vortices (WizLab)
  19 swamp worms
  11 wargs
  A harpy simulacrum (IceCv)
  15 water moccasins
  4 floating eyes
  3 hell hounds
  18 swamp drakes
  A deep troll skeleton (WizLab)
  A floating eye (shapeshifter) (Zig:24)
  A snapping turtle zombie (Crypt:3)
  A sky beast (D:6)
  An elephant zombie (Crypt:1)
  46 orc warriors
  Purgy (Sewer)
  2 black bears
  14 necrophages
  2 ice beasts
  20 ogres
  12 centaurs
  10 boggarts
  18 wolves
  4 human skeletons
  3 kobold brigands
  4 phantoms
  A komodo dragon zombie (Crypt:2)
  6 small abominations
  Blork the orc (D:5)
  2 two-headed ogre simulacra (IceCv)
  A water moccasin zombie (D:7)
  12 bullfrogs
  8 earth elementals
  3 gnoll sergeants
  2 scorpions
  3 cane toad simulacra (IceCv)
  A scorpion (shapeshifter) (Vaults:2)
  10 wyvern skeletons (Crypt:3)
  12 wights
  16 killer bees
  A polar bear zombie (Crypt:1)
  3 elephant simulacra (IceCv)
  An electric eel (D:8)
  A vampire bat (Orc:1)
  5 howler monkeys
  A crimson imp (Zig:17)
  4 centaur zombies
  3 hounds
  A bullfrog skeleton (D:5)
  4 jellies
  16 orc priests
  Jessica (D:2)
  An iguana (D:5)
  37 orc wizards
  4 polar bear simulacra (IceCv)
  A troll simulacrum (IceCv)
  2 wolf simulacra (IceCv)
  A killer bee zombie (Crypt:1)
  A felid zombie (Crypt:2)
  An ogre skeleton (Crypt:1)
  76 mummies
  2 howler monkey zombies (D:7)
  17 gnolls
  2 naga simulacra (IceCv)
  18 adders
  A river rat (D:3)
  A shadow imp (D:7)
  2 white imps
  An adder zombie (D:5)
  An adder skeleton (D:4)
  A lava snake skeleton (Crypt:2)
  A worm (D:3)
  A dart slug (D:4)
  63 orcs
  10 ball pythons
  13 bats
  A bat skeleton (Crypt:1)
  13 endoplasms
  4 giant cockroaches
  6 hobgoblins
  6 jackals (D:1)
  4 quokkas
  5 frilled lizards
  A frilled lizard zombie (Crypt:1)
  A gnoll skeleton (Crypt:1)
  15 goblins
  26 kobolds
  9 rats
  A rat zombie (Crypt:1)
  24 briar patches
  A plant (Zig:9)
  4 starspawn tentacles
  2 withered plants (Crypt:3)
3662 creatures vanquished.

Vanquished Creatures (collateral kills)
  A pandemonium lord (Zig:14)
  A caustic shrike (Depths:4)
  2 balrugs (Zig:4)
  2 vault guards (D:14)
6 creatures vanquished.

Vanquished Creatures (others)
  2 golden dragons
  Asterion (Vaults:2)
  An eldritch tentacle (WizLab)
  A vault warden (Vaults:2)
  A ghoul (Zig:16)
  A hydra (Zig:16)
  A swamp dragon (Zig:18)
  A phantasmal warrior (Depths:1)
  An ironbound convoker (Vaults:2)
  A wolf spider (Spider:2)
  A vault sentinel (Vaults:2)
  A bloated husk (Zig:26)
  A boggart (Vaults:2)
  An orc (Orc:2)
  3 briar patches (Zig:11)
  5 fire vortices (Zig:3)
  24 foxfires
  17 fungi
  A lurking horror (WizLab)
  86 plants
  4 starspawn tentacles
  16 withered plants (Crypt:3)
171 creatures vanquished.

Grand Total: 3839 creatures vanquished

Notes
Turn   | Place    | Note
-------+----------+-------------------------------------------
     0 | D:1      | nefef the Gargoyle Earth Elementalist began the quest for
                  | the Orb.
     0 | D:1      | Reached XP level 1. HP: 10/10 MP: 3/3
   342 | D:1      | Reached XP level 2. HP: 15/15 MP: 3/5
  1113 | D:1      | Found a faded altar of an unknown god.
  1255 | D:1      | Reached XP level 3. HP: 16/19 MP: 4/6
  1398 | D:1      | Learned a level 3 spell: Stone Arrow
  2401 | D:2      | Noticed Jessica
  2408 | D:2      | Killed Jessica
  2409 | D:2      | Reached skill level 1 in Conjurations
  2409 | D:2      | Reached XP level 4. HP: 14/24 MP: 3/8
  3123 | D:3      | Reached skill level 5 in Earth Magic
  3143 | D:3      | Found a bloodstained altar of Trog.
  3183 | D:3      | Reached XP level 5. HP: 28/28 MP: 5/9
  3498 | D:3      | Found a glowing drain.
  3516 | Sewer    | Entered a sewer
  3592 | Sewer    | Noticed Purgy
  3597 | Sewer    | Killed Purgy
  3598 | Sewer    | Reached XP level 6. HP: 23/32 MP: 5/11
  4363 | D:4      | Reached XP level 7. HP: 13/36 MP: 3/13
  5015 | D:5      | Entered Level 5 of the Dungeon
  5053 | D:5      | Noticed Blork the orc
  5061 | D:5      | Killed Blork the orc
  5274 | D:5      | Reached XP level 8. HP: 42/42 MP: 15/15
  5316 | D:5      | Reached skill level 1 in Fighting
  5316 | D:5      | Reached skill level 1 in Maces & Flails
  5316 | D:5      | Reached skill level 1 in Armour
  5316 | D:5      | Reached skill level 5 in Spellcasting
  5343 | D:5      | Found a staircase to the Ecumenical Temple.
  5351 | Temple   | Entered the Ecumenical Temple
  5355 | Temple   | Became a worshipper of Vehumet
  5506 | D:5      | Reached skill level 5 in Conjurations
  5506 | D:5      | Reached skill level 1 in Evocations
  5895 | D:6      | Found an ancient bone altar of Kikubaaqudgha.
  5943 | D:6      | Found a shadowy altar of Dithmenos.
  6077 | D:6      | Found a basalt altar of Yredelemnul.
  6364 | D:6      | Noticed a wyvern
  6371 | D:6      | Killed a wyvern
  6372 | D:6      | Reached XP level 9. HP: 49/49 MP: 10/17
  6378 | D:6      | Reached * piety under Vehumet
  6378 | D:6      | Offered knowledge of Magic Dart by Vehumet.
  6392 | D:6      | Noticed a komodo dragon
  6399 | D:6      | Noticed a gargoyle
  6634 | D:6      | Found a white marble altar of Elyvilon.
  6675 | D:6      | Killed a gargoyle
  6934 | D:6      | Identified the +8 war axe of Equivalence {freeze, *Corrode
                  | rF+ Int+2 Stlth+}
  7120 | D:6      | Gained mutation: You are agile. (Dex +2) [potion of
                  | mutation]
  7120 | D:6      | Gained mutation: You are robust. (+10% HP) [potion of
                  | mutation]
  7120 | D:6      | Gained mutation: You have large cloven feet. [potion of
                  | mutation]
  7120 | D:6      | Gained mutation: You are very agile. (Dex +4) [potion of
                  | mutation]
  7254 | D:7      | Found Junuel's Antique Weapon Shoppe.
  7418 | D:7      | Found a glowing golden altar of the Shining One.
  7625 | D:7      | Offered knowledge of Foxfire by Vehumet.
  7627 | D:7      | Reached ** piety under Vehumet
  7867 | D:8      | Reached XP level 10. HP: 61/61 MP: 9/19
  7953 | D:8      | Found a transporter.
  7965 | D:8      | Found a one-way gate to the infinite horrors of the Abyss.
  7965 | D:8      | Noticed anet's ghost (novice GnDe)
  7965 | D:8      | Noticed a purple ugly thing
  8084 | D:8      | Found a transporter.
  8091 | D:8      | You fall into a shaft and drop 1 floor!
  8106 | D:9      | Noticed a wizard
  8112 | D:9      | Killed a wizard
  8161 | D:9      | Noticed a manticore
  8165 | D:9      | Killed a manticore
  8400 | D:9      | Found a staircase to the Orcish Mines.
  8463 | D:9      | Noticed a purple ugly thing
  8467 | D:9      | Killed a purple ugly thing
  8468 | D:9      | Reached skill level 5 in Fighting
  8468 | D:9      | Reached skill level 5 in Armour
  8719 | D:8      | Reached XP level 11. HP: 60/70 MP: 21/21
  8894 | D:8      | Reached skill level 5 in Maces & Flails
  8930 | D:8      | Found an ornate altar of the Wu Jian Council.
  8939 | D:8      | Got the Tome of Gliding Snow
  9272 | D:9      | Found a runed translucent gate.
  9275 | D:9      | Found a runed translucent gate.
  9275 | D:9      | Noticed sidorion's ghost (novice MiFi)
  9276 | D:9      | Found a runed translucent gate.
  9276 | D:9      | Noticed hYBRISjENS's ghost (journeyman MiFi)
  9334 | D:9      | Offered knowledge of Ignite Poison by Vehumet.
  9431 | D:9      | Reached *** piety under Vehumet
  9801 | D:10     | Entered Level 10 of the Dungeon
  9846 | D:10     | Found a hide-covered altar of Uskayaw.
  9925 | D:10     | Learned a level 5 spell: Bolt of Magma
  9938 | D:10     | Noticed a centaur warrior
  9950 | D:10     | Killed a centaur warrior
 10042 | D:10     | Found a staircase to the Lair.
 10264 | D:10     | Found Zin's Purification Station.
 10285 | D:10     | Found a glowing silver altar of Zin.
 10292 | D:10     | Bought a potion of curing for 90 gold pieces
 10336 | D:10     | Noticed a two-headed ogre
 10340 | D:10     | Killed a two-headed ogre
 10531 | D:10     | Reached skill level 5 in Dodging
 10531 | D:10     | Reached skill level 5 in Evocations
 10721 | D:10     | Found a sacrificial altar of Ru.
 10914 | D:11     | Noticed a two-headed ogre
 10933 | D:11     | Killed a two-headed ogre
 10940 | D:11     | Offered knowledge of Airstrike by Vehumet.
 11214 | D:11     | Noticed a two-headed ogre
 11220 | D:11     | Killed a two-headed ogre
 11287 | D:11     | Noticed a two-headed ogre
 11292 | D:11     | Killed a two-headed ogre
 11293 | D:11     | Reached skill level 10 in Earth Magic
 11293 | D:11     | Reached XP level 12. HP: 72/78 MP: 8/23
 11430 | D:11     | Identified the +8 quarterstaff of Iten {spect, Int+3}
 12376 | D:12     | Found Liuf Nul's Armour Emporium.
 12616 | D:12     | Reached **** piety under Vehumet
 12787 | D:12     | Noticed a five-headed hydra
 12811 | D:12     | Killed a five-headed hydra
 13121 | D:12     | Noticed a two-headed ogre
 13125 | D:12     | Killed a two-headed ogre
 13196 | D:12     | Noticed a centaur warrior
 13209 | D:12     | Killed a centaur warrior
 13398 | D:12     | Offered knowledge of Iskenderun's Mystic Blast by Vehumet.
 13521 | D:13     | Learned a level 5 spell: Irradiate
 13595 | D:13     | Noticed Josephine
 13610 | D:13     | Killed Josephine
 13864 | D:13     | Found a transporter.
 13878 | D:13     | Found a transporter.
 13971 | D:13     | Noticed a boulder beetle
 14102 | D:13     | Noticed Kirke
 14125 | D:13     | Killed Kirke
 14126 | D:13     | Reached XP level 13. HP: 54/85 MP: 2/25
 14260 | D:13     | Found a runed translucent gate.
 14261 | D:13     | Found a runed translucent gate.
 14261 | D:13     | Found a runed translucent gate.
 14270 | D:13     | Noticed dsnv's ghost (journeyman GrEE)
 14722 | D:13     | Identified the amulet "Susuil" {Reflect rElec rPois Int+4
                  | Slay+3 SH+5}
 14903 | D:14     | Noticed a vault guard
 14913 | D:14     | Found a gate to the Vaults.
 14914 | D:14     | Noticed a vault guard
 14918 | D:14     | Noticed a vault guard
 14922 | D:14     | Found a flagged portal.
 14930 | Bailey   | Entered a bailey
 15573 | D:14     | Noticed a vault guard
 15584 | D:14     | Killed a vault guard
 15646 | D:14     | Noticed a vault guard
 15654 | D:14     | Killed a vault guard
 15683 | D:14     | Noticed a vault guard
 15761 | D:14     | Noticed a vault guard
 15766 | D:14     | Reached ***** piety under Vehumet
 15767 | D:14     | Offered knowledge of Lightning Bolt by Vehumet.
 16130 | D:14     | Killed a vault guard
 16463 | D:14     | Reached skill level 10 in Conjurations
 16566 | D:14     | Reached skill level 1 in Fire Magic
 16776 | D:14     | Killed a vault guard
 17389 | D:14     | Killed a vault guard
 17390 | D:14     | Gained mutation: Your large and strong wings let you fly.
                  | [Gargoyle growth]
 17390 | D:14     | Reached XP level 14. HP: 76/92 MP: 4/27
 18286 | D:14     | Noticed Nessos
 18293 | D:14     | Killed Nessos
 18607 | Lair:1   | Entered Level 1 of the Lair of Beasts
 18705 | Lair:1   | Found a blossoming altar of Fedhas.
 19543 | Lair:1   | Identified a scroll of acquirement
 19543 | Lair:1   | Acquired a +1 eveningstar of distortion
 19604 | Lair:1   | Got the Grimoire of the Cankerous Frostbite
 20073 | Lair:2   | Found a staircase to the Swamp.
 20320 | Lair:2   | Found a hole to the Spider Nest.
 20860 | Lair:3   | Reached skill level 5 in Fire Magic
 21823 | Lair:4   | Reached skill level 10 in Fighting
 22472 | Lair:5   | Offered knowledge of Iron Shot by Vehumet.
 22591 | Lair:5   | Learned a level 6 spell: Iron Shot
 22754 | Lair:5   | Found a frozen archway.
 22760 | IceCv    | Entered an ice cave
 22763 | IceCv    | Reached XP level 15. HP: 101/101 MP: 19/28
 23439 | IceCv    | Found an ancient bone altar of Kikubaaqudgha.
 24105 | Lair:5   | Identified the +1 robe "Geanaly" {Dex+6}
 24399 | Lair:5   | Reached skill level 10 in Spellcasting
 24403 | Lair:5   | Acquired 985 gold pieces
 24569 | Lair:5   | Got Sif Muna's Disquisition on the Cankerous Mountains
 24981 | Lair:5   | Found the +3 pair of seven-league boots {Rampage+∞}
 25146 | Lair:6   | Entered Level 6 of the Lair of Beasts
 25418 | Lair:6   | Found a transporter.
 25423 | Lair:6   | Found a bloodstained altar of Trog.
 25423 | Lair:6   | Noticed Beaer's ghost (journeyman VSBr)
 25434 | Lair:6   | Found a transporter.
 25873 | Lair:6   | Found a runed translucent door.
 25873 | Lair:6   | Found a viscous altar of Jiyva.
 25874 | Lair:6   | Found a staircase to the Slime Pits.
 26141 | Lair:6   | Reached ****** piety under Vehumet
 26262 | Lair:6   | Reached XP level 16. HP: 91/110 MP: 18/30
 26719 | Orc:1    | Entered Level 1 of the Orcish Mines
 26726 | Orc:1    | Offered knowledge of Spellforged Servitor by Vehumet.
 26761 | Orc:2    | Entered Level 2 of the Orcish Mines
 26881 | Orc:2    | Found a staircase to the Elven Halls.
 27342 | Orc:2    | Found Dyhagus's Book Shop.
 27390 | Orc:2    | Found Hidior's Antique Armour Boutique.
 27421 | Orc:2    | Found an ancient bone altar of Kikubaaqudgha.
 27421 | Orc:2    | Noticed Nergalle
 27429 | Orc:2    | Reached skill level 10 in Maces & Flails
 27430 | Orc:2    | Killed Nergalle
 27452 | Orc:2    | Found a radiant altar of Vehumet.
 27452 | Orc:2    | Offered knowledge of Yara's Violent Unravelling by Vehumet.
 27456 | Orc:2    | Paralysed by something for 6 turns
 27624 | Orc:2    | Found Utsar's Distillery.
 27636 | Orc:2    | Found Epetero's Book Shop.
 27671 | Orc:2    | Bought a potion of invisibility for 128 gold pieces
 27671 | Orc:2    | Bought a potion of heal wounds for 80 gold pieces
 27671 | Orc:2    | Bought 2 potions of haste for 320 gold pieces
 27671 | Orc:2    | Bought a potion of might for 64 gold pieces
 27671 | Orc:2    | Bought a potion of curing for 48 gold pieces
 27671 | Orc:2    | Bought 2 potions of cancellation for 256 gold pieces
 28097 | Orc:1    | You are sucked into a shaft and drop 1 floor!
 28454 | D:15     | Entered Level 15 of the Dungeon
 28454 | D:15     | Found a burning altar of Makhleb.
 29315 | D:15     | Noticed Agnes
 29520 | D:15     | Killed Agnes
 29842 | D:15     | Found a staircase to the Depths.
 30092 | Spider:1 | Entered Level 1 of the Spider Nest
 30120 | Spider:1 | Offered knowledge of Lee's Rapid Deconstruction by Vehumet.
 30177 | Lair:2   | Learned a level 5 spell: Lee's Rapid Deconstruction
 30306 | Spider:1 | Found a transporter.
 30310 | Spider:1 | Noticed kuniqs's ghost (adept DsFi)
 30330 | Spider:1 | Gained mutation: Your body sometimes deteriorates upon
                  | taking damage. [mutagenic glow]
 30346 | Spider:1 | Killed kuniqs's ghost
 30359 | Spider:1 | Found a transporter.
 30367 | Spider:1 | Gained mutation: You tend to lose your temper in combat.
                  | [mutagenic glow]
 30392 | Spider:1 | Identified the ring of Egex {rF+ AC+4}
 30396 | Spider:1 | Identified the ring "Epusucvy" {rElec rF+ rCorr Int-5
                  | Dex+5}
 30454 | Spider:1 | Lost mutation: You have large cloven feet. [potion of
                  | mutation]
 30454 | Spider:1 | Lost mutation: Your body sometimes deteriorates upon taking
                  | damage. [potion of mutation]
 30455 | Spider:1 | Lost mutation: You tend to lose your temper in combat.
                  | [potion of mutation]
 30539 | Spider:1 | Identified the +1 leather armour of Somewhere Else {rPois
                  | rN+ MP+9}
 30993 | Spider:2 | Learned a level 8 spell: Ignition
 31137 | Spider:2 | Reached XP level 17. HP: 80/118 MP: 26/31
 31139 | Spider:2 | Reached skill level 10 in Fire Magic
 31630 | Spider:2 | Offered knowledge of Eringya's Noxious Bog by Vehumet.
 32450 | Spider:3 | Gained mutation: Your magical capacity is low. (-10% MP)
                  | [mutagenic glow]
 33050 | Spider:3 | Identified the +8 rapier "Lammoarr" {freeze, *Slow Str+5
                  | Dex+6}
 33435 | Swamp:1  | Entered Level 1 of the Swamp
 33498 | Swamp:1  | Identified Roxanne's Guide on Shape Shifting
 33498 | Swamp:1  | Noticed Roxanne
 33509 | Swamp:1  | Killed Roxanne
 33520 | Swamp:1  | Offered knowledge of Conjure Ball Lightning by Vehumet.
 34314 | Swamp:2  | Reached XP level 18. HP: 72/124 MP: 21/29
 34710 | Swamp:2  | Reached skill level 15 in Fire Magic
 35231 | Swamp:3  | Offered knowledge of Lehudib's Crystal Spear by Vehumet.
 35231 | Swamp:3  | Offered knowledge of Fire Storm by Vehumet.
 35231 | Swamp:3  | Offered knowledge of Chain Lightning by Vehumet.
 35627 | Swamp:3  | Identified the +1 scale mail "Hagovahu" {rElec Str+5}
 35836 | Swamp:4  | Entered Level 4 of the Swamp
 35881 | Swamp:4  | Noticed Louise
 36037 | Swamp:4  | Killed Louise
 37067 | Swamp:4  | Got a decaying rune of Zot
 37191 | Swamp:4  | Acquired 1271 gold pieces
 37548 | Spider:4 | Entered Level 4 of the Spider Nest
 37797 | Spider:4 | Reached XP level 19. HP: 99/129 MP: 13/30
 39220 | Spider:4 | Got a gossamer rune of Zot
 39578 | Vaults:1 | Entered Level 1 of the Vaults
 39713 | Vaults:1 | Found a magical portal.
 39718 | WizLab   | Entered The Roulette of Golubria
 39718 | WizLab   | Found a transporter.
 39721 | WizLab   | Found a corrupted altar of Lugonu.
 39799 | WizLab   | Found a transporter.
 39810 | WizLab   | Found a transporter.
 39825 | WizLab   | Found a corrupted altar of Lugonu.
 39845 | WizLab   | Found a transporter.
 39867 | WizLab   | Found a transporter.
 39867 | WizLab   | Found a transporter.
 39999 | WizLab   | Found a transporter.
 39999 | WizLab   | Found a transporter.
 40026 | WizLab   | Found a transporter.
 40026 | WizLab   | Found a transporter.
 40054 | WizLab   | Found a transporter.
 40054 | WizLab   | Found a transporter.
 40114 | WizLab   | Found a transporter.
 40114 | WizLab   | Found a transporter.
 40166 | WizLab   | Got Golubria's Compendium of the Voyage
 40174 | WizLab   | Found a transporter.
 40176 | WizLab   | Identified the +1 cloak of the Enchanted Forest {+Inv Will+
                  | Dex+4}
 40187 | WizLab   | Found a transporter.
 40253 | WizLab   | Found a transporter.
 40253 | WizLab   | Found a transporter.
 40296 | WizLab   | Found a transporter.
 40296 | WizLab   | Found a transporter.
 40904 | Vaults:1 | Reached XP level 20. HP: 136/136 MP: 4/31
 41648 | Vaults:1 | Identified the +11 flail "Xog Sacs" {vorpal, rCorr Dex+5}
 41876 | Vaults:2 | Found Juniecs's Antique Weapon Shop.
 42058 | Vaults:2 | Noticed Nikola
 42067 | Vaults:2 | Killed Nikola
 42217 | Vaults:2 | Noticed Asterion
 42218 | Vaults:2 | Found Feud's General Store.
 42232 | Vaults:2 | Killed Asterion
 42358 | Vaults:2 | Bought a scroll of summoning for 199 gold pieces
 42360 | Vaults:2 | Bought a scroll of teleportation for 63 gold pieces
 42504 | Vaults:2 | Acquired a book of Annihilations
 42532 | Vaults:2 | Found Teimosiu's Antique Weapon Boutique.
 42534 | Vaults:2 | Found Oweam's Magic Scroll Boutique.
 42549 | Vaults:2 | Bought a scroll of enchant weapon for 150 gold pieces
 42549 | Vaults:2 | Bought a scroll of enchant weapon for 150 gold pieces
 42549 | Vaults:2 | Bought a scroll of enchant weapon for 150 gold pieces
 42549 | Vaults:2 | Bought a scroll of enchant armour for 150 gold pieces
 42549 | Vaults:2 | Bought a scroll of teleportation for 60 gold pieces
 42549 | Vaults:2 | Bought a scroll of fog for 40 gold pieces
 42551 | Vaults:2 | Bought a scroll of summoning for 190 gold pieces
 42644 | Vaults:2 | Found Dastrusi's Armour Boutique.
 43407 | Vaults:3 | Noticed Margery
 43416 | Vaults:3 | Identified the +4 chain mail of a wizard's laboratory
                  | {Dex+4}
 43747 | Vaults:3 | Killed Margery
 43992 | Vaults:3 | Found a runed translucent gate.
 43992 | Vaults:3 | Noticed Foasmeck's ghost (veteran MiFi)
 43993 | Vaults:3 | Found a runed translucent gate.
 43993 | Vaults:3 | Found a runed translucent gate.
 43996 | Vaults:3 | Identified the amulet of Mistrust {Reflect Will+ SH+5}
 44021 | Vaults:3 | Found a staircase to the Crypt.
 44101 | Vaults:3 | Reached XP level 21. HP: 140/140 MP: 32/32
 44613 | Vaults:3 | Found Huhuhiahu's Antique Weapon Shoppe.
 44632 | Vaults:3 | Reached skill level 15 in Earth Magic
 45107 | Vaults:3 | Identified the +5 mace of the Orcish Mines {vorpal, Int+3}
 45269 | Vaults:3 | Noticed Boris
 45286 | Vaults:3 | Killed Boris
 45677 | Vaults:3 | Killed Foasmeck's ghost
 45696 | Vaults:3 | Identified the +1 cloak of Daen {Str+8 Int+6 Slay-3}
 46122 | Elf:1    | Entered Level 1 of the Elven Halls
 46122 | Elf:1    | Found a runed translucent gate.
 46122 | Elf:1    | Found a runed translucent gate.
 46122 | Elf:1    | Found a runed translucent gate.
 46122 | Elf:1    | Found a runed translucent gate.
 46122 | Elf:1    | Found a runed translucent gate.
 46122 | Elf:1    | Found a runed translucent gate.
 46123 | Elf:1    | Found a runed translucent door.
 46127 | Elf:1    | Found a runed translucent door.
 46736 | Elf:1    | Got the Grimoire of Supportive Conjuration
 47050 | Elf:1    | Noticed Donald
 47057 | Elf:1    | Killed Donald
 47721 | Elf:2    | Found Quitz's Distillery.
 47740 | Elf:2    | Bought a potion of cancellation for 128 gold pieces
 47740 | Elf:2    | Bought a potion of heal wounds for 80 gold pieces
 47740 | Elf:2    | Bought a potion of haste for 160 gold pieces
 47740 | Elf:2    | Bought a potion of haste for 160 gold pieces
 47740 | Elf:2    | Bought a potion of brilliance for 64 gold pieces
 47740 | Elf:2    | Bought a potion of heal wounds for 80 gold pieces
 47740 | Elf:2    | Bought a potion of berserk rage for 80 gold pieces
 47740 | Elf:2    | Bought a potion of curing for 48 gold pieces
 47740 | Elf:2    | Bought a potion of curing for 48 gold pieces
 47886 | Elf:2    | Found a radiant altar of Vehumet.
 47965 | Elf:2    | Reached XP level 22. HP: 101/148 MP: 5/33
 48364 | Elf:2    | Found a runed translucent gate.
 48364 | Elf:2    | Found a runed translucent gate.
 48365 | Elf:2    | Found a runed translucent gate.
 48465 | Elf:3    | Entered Level 3 of the Elven Halls
 48643 | Elf:2    | Learned a level 9 spell: Shatter
 48767 | Elf:3    | Found Bowidu's Distillery.
 48783 | Elf:3    | Bought a potion of magic for 128 gold pieces
 48783 | Elf:3    | Bought a potion of might for 64 gold pieces
 48783 | Elf:3    | Bought a potion of might for 64 gold pieces
 48783 | Elf:3    | Bought a potion of brilliance for 64 gold pieces
 48783 | Elf:3    | Bought a potion of mutation for 128 gold pieces
 49011 | Elf:3    | Noticed Beaer's ghost (adept VSBr)
 49012 | Elf:3    | Found a transporter.
 49020 | Elf:3    | Found a transporter.
 49025 | Elf:3    | Noticed Mara
 49062 | Elf:3    | Killed Beaer's ghost
 49063 | Elf:3    | Reached skill level 10 in Evocations
 49114 | Elf:3    | Noticed nefef's illusion
 49122 | Elf:3    | Killed Mara
 49455 | Elf:3    | Reached skill level 10 in Dodging
 49657 | Elf:3    | Reached XP level 23. HP: 157/157 MP: 10/34
 49712 | Elf:3    | Identified the amulet "Pyrer" {Acrobat +Inv Will+ Dex+6}
 49814 | Elf:3    | Identified the +6 flail of Instant Death {flame, rF+}
 49823 | Elf:3    | Identified the +0 leather armour "Vetuu" {Regen+ Int+4
                  | Dex-2}
 51222 | Vaults:5 | Entered Level 5 of the Vaults
 51225 | Vaults:5 | Reached skill level 15 in Fighting
 51269 | Vaults:5 | Noticed a dread lich
 51274 | Vaults:5 | Killed a dread lich
 51281 | Vaults:5 | Noticed an ancient lich
 51285 | Vaults:5 | Noticed a golden dragon
 51286 | Vaults:5 | Noticed a golden dragon
 51287 | Vaults:5 | Killed an ancient lich
 51288 | Vaults:5 | Reached XP level 24. HP: 92/166 MP: 35/35
 51624 | Vaults:5 | Noticed a dread lich
 51738 | Vaults:5 | Killed a dread lich
 52640 | Vaults:5 | Got a silver rune of Zot
 52825 | Vaults:5 | Identified the ring "Yhemn" {Wiz rElec}
 52896 | Vaults:5 | Identified the +7 scimitar of Extermination {vorpal, rN+
                  | rCorr}
 53013 | Vaults:5 | Found the +0 mask of the Dragon {Will+ Slay+3 SInv}
 53022 | Vaults:5 | Identified the +1 helmet of Nostar {rElec rF+++ Regen+
                  | Stlth-}
 53108 | Vaults:5 | Found the +2 Maxwell's thermic engine {flame, freeze}
 53317 | Crypt:1  | Entered Level 1 of the Crypt
 53584 | Crypt:1  | Reached XP level 25. HP: 139/172 MP: 32/36
 54243 | Crypt:2  | Reached skill level 15 in Conjurations
 54546 | Crypt:2  | Identified the +1 leather armour of the Gusle {rN++}
 55032 | Crypt:3  | Entered Level 3 of the Crypt
 55468 | Crypt:3  | Noticed a royal mummy
 55469 | Crypt:3  | Found a staircase to the Tomb.
 55480 | Crypt:3  | Killed a royal mummy
 55992 | Crypt:3  | Identified the ring "Hekyo" {rElec rN+ Will++ Str+2 Stlth-}
 55992 | Crypt:3  | Identified the ring of Temperance {rF+ rC+ rN+ Str+2
                  | Stlth+}
 55992 | Crypt:3  | Identified the ring of Tender Moments {rPois rC- rN+ SInv}
 56676 | Crypt:3  | Found a basalt altar of Yredelemnul.
 57211 | Crypt:3  | Found the +7 mace of Variability {chain chaos}
 57249 | Crypt:3  | Identified the +1 plate armour of Vadalin {*Slow rElec rN+
                  | rCorr}
 57644 | Depths:1 | Entered Level 1 of the Depths
 57668 | Depths:1 | Reached XP level 26. HP: 165/182 MP: 8/36
 58177 | Depths:1 | Found a gateway to Hell.
 58286 | Depths:1 | Noticed a juggernaut
 58290 | Depths:1 | Killed a juggernaut
 58586 | Depths:1 | Found Arghedde's Jewellery Shoppe.
 58587 | Depths:1 | Found Koukawk's Book Boutique.
 58587 | Depths:1 | Found Tapux's Book Boutique.
 58832 | Depths:2 | Found an iron altar of Okawaru.
 58905 | Depths:2 | Reached XP level 27. HP: 189/189 MP: 37/37
 58972 | Depths:2 | Found a broken altar of Ashenzari.
 59834 | Depths:3 | Reached skill level 15 in Maces & Flails
 60190 | Depths:3 | Found a one-way gate leading to the halls of Pandemonium.
 60304 | Depths:3 | Learned a level 9 spell: Fire Storm
 60331 | Depths:3 | Found a sparkling altar of Nemelex Xobeh.
 60964 | Depths:4 | Noticed a juggernaut
 60965 | Depths:4 | Noticed Jory
 60968 | Depths:4 | Killed a juggernaut
 60969 | Depths:4 | Killed Jory
 61028 | Depths:4 | Reached skill level 15 in Spellcasting
 61033 | Depths:4 | Paralysed by a floating eye for 3 turns
 61056 | Depths:4 | Paralysed by a Zot trap for 4 turns
 61354 | Depths:4 | Acquired 501 gold pieces
 61388 | Depths:4 | Noticed Mennas
 61449 | Depths:4 | Killed Mennas
 62042 | Depths:5 | Entered Level 5 of the Depths
 62133 | Depths:5 | Found a gateway to a ziggurat.
 62263 | Depths:5 | Found Kukinoe's Weapon Boutique.
 62461 | Depths:5 | Noticed Xtahua
 62469 | Depths:5 | Killed Xtahua
 62485 | Depths:5 | Found a gate to the Realm of Zot.
 62536 | Depths:5 | Acquired the ring of Jaasaib {rElec rN+ Int+6 Slay+3}
 63467 | Slime:1  | Entered Level 1 of the Pits of Slime
 63752 | Slime:5  | Entered Level 5 of the Pits of Slime
 63771 | Slime:5  | Lost mutation: You are robust. (+10% HP) [a shining eye]
 63791 | Slime:5  | Noticed the Royal Jelly
 63794 | Slime:5  | Found a viscous altar of Jiyva.
 63799 | Slime:5  | Killed the Royal Jelly
 63801 | Slime:5  | Found the +7 Singing Sword {vorpal, sonic wave}
 64017 | Slime:5  | Got a slimy rune of Zot
 64021 | Slime:5  | Identified the +10 morningstar of Destruction {vorpal,
                  | Str+3 Dex+6}
 64024 | Slime:5  | Identified the +11 falchion of the Heavens {speed, Dex+2
                  | SInv}
 64028 | Slime:5  | Identified the ring "Buvusuyn" {Drain MP+9 Str+8 Int-3
                  | SInv}
 64123 | Slime:5  | Acquired 1256 gold pieces
 64371 | D:10     | Upgraded the game from 0.28-a0-100-g47d82705ae to
                  | 0.28-a0-105-g49a0850c41
 64599 | Zig:1    | Entered Level 1 of a ziggurat
 64624 | Zig:1    | Learned a level 8 spell: Necromutation
 64632 | Zig:2    | Entered Level 2 of a ziggurat
 64640 | Zig:2    | Reached skill level 1 in Transmutations
 64747 | Zig:3    | Entered Level 3 of a ziggurat
 64749 | Zig:3    | Reached skill level 1 in Necromancy
 64770 | Zig:4    | Entered Level 4 of a ziggurat
 64908 | Zig:4    | Lost mutation: You are very agile. (Dex +4) [potion of
                  | mutation]
 64908 | Zig:4    | Lost mutation: Your magical capacity is low. (-10% MP)
                  | [potion of mutation]
 64908 | Zig:4    | Lost mutation: You are agile. (Dex +2) [potion of mutation]
 64908 | Zig:4    | Gained mutation: You are occasionally teleported next to
                  | monsters. [potion of mutation]
 64908 | Zig:4    | Gained mutation: You are partially covered in iridescent
                  | scales. (AC +2) [potion of mutation]
 64908 | Zig:4    | Gained mutation: You are agile. (Dex +2) [potion of
                  | mutation]
 64909 | Zig:4    | Lost mutation: You are occasionally teleported next to
                  | monsters. [potion of mutation]
 64909 | Zig:4    | Lost mutation: You are partially covered in iridescent
                  | scales. (AC +2) [potion of mutation]
 64909 | Zig:4    | Lost mutation: You are agile. (Dex +2) [potion of mutation]
 64909 | Zig:4    | Gained mutation: You are robust. (+10% HP) [potion of
                  | mutation]
 64909 | Zig:4    | Gained mutation: Your mind is acute. (Int +2) [potion of
                  | mutation]
 64928 | Zig:5    | Entered Level 5 of a ziggurat
 64940 | Zig:5    | Identified the +9 dire flail "Lotaikos" {freeze, Str+7}
 64943 | Zig:6    | Entered Level 6 of a ziggurat
 64947 | Zig:6    | Noticed a royal mummy
 64948 | Zig:6    | Killed a royal mummy
 64968 | Zig:6    | Identified the +6 bardiche "Rosozeq" {freeze, Stlth+}
 64975 | Zig:7    | Entered Level 7 of a ziggurat
 64979 | Zig:7    | Paralysed by an air elemental for 1 turns
 65077 | Zig:7    | Identified the +7 long sword "Houside" {spect, rElec rN+
                  | Int-3}
 65092 | Zig:8    | Entered Level 8 of a ziggurat
 65105 | Zig:8    | Identified the ring "Jiroock" {Fire rPois Stlth+}
 65127 | Zig:8    | Reached skill level 5 in Necromancy
 65127 | Zig:8    | Reached skill level 5 in Transmutations
 65135 | Zig:9    | Entered Level 9 of a ziggurat
 65162 | Zig:9    | Found the +8 autumn katana {vorpal, Clar}
 65201 | Zig:9    | Identified the +9 great sword of Imminent Death {spect,
                  | rCorr Str+3 Int-4}
 65211 | Zig:9    | Identified the +0 pair of boots of Freedom {rC++ MP+9
                  | Str+4}
 65222 | Zig:9    | Identified the +5 hand axe of the Trees {speed, rC++ rCorr
                  | Int-3}
 65227 | Zig:10   | Entered Level 10 of a ziggurat
 65235 | Zig:10   | Noticed Xougaf the pandemonium lord
 65238 | Zig:10   | Killed Xougaf the pandemonium lord
 65379 | Zig:10   | Identified the ring "Zixiduj" {Will+ SInv}
 65383 | Zig:10   | Identified the +1 scale mail "Gealub" {Str+7}
 65387 | Zig:11   | Entered Level 11 of a ziggurat
 65399 | Zig:11   | Noticed a royal mummy
 65399 | Zig:11   | Noticed a royal mummy
 65400 | Zig:11   | Found the +7 sceptre of Torment {pain, torment}
 65400 | Zig:11   | Found the +8 demon blade "Leech" {vamp, *Rage +Rage rN+}
 65401 | Zig:11   | Killed a royal mummy
 65402 | Zig:11   | Killed a royal mummy
 65573 | Zig:12   | Entered Level 12 of a ziggurat
 65714 | Zig:12   | Identified the +2 robe "Useneth" {rC++ Will+ Int+3}
 65727 | Zig:12   | Identified the ring "Kuva" {Fly rPois Dex+4}
 65741 | Zig:13   | Entered Level 13 of a ziggurat
 65808 | Zig:13   | Identified the +6 spear "Vapiref" {protect, rElec SInv}
 65815 | Zig:14   | Entered Level 14 of a ziggurat
 65828 | Zig:14   | Noticed Ujoasyna the pandemonium lord
 65828 | Zig:14   | Noticed Qaxas the pandemonium lord
 65828 | Zig:14   | Noticed Agugac the pandemonium lord
 65829 | Zig:14   | Noticed Nenaw the pandemonium lord
 65829 | Zig:14   | Noticed Nekhaiwo the pandemonium lord
 65829 | Zig:14   | Noticed Ejumeal the pandemonium lord
 65829 | Zig:14   | Noticed Weseso the pandemonium lord
 65830 | Zig:14   | Found the ring of the Octopus King
 65830 | Zig:14   | Killed Weseso the pandemonium lord
 65833 | Zig:14   | Killed Ujoasyna the pandemonium lord
 65833 | Zig:14   | Killed Agugac the pandemonium lord
 65835 | Zig:14   | Killed Ejumeal the pandemonium lord
 65835 | Zig:14   | Killed Nenaw the pandemonium lord
 65835 | Zig:14   | Killed Nekhaiwo the pandemonium lord
 65864 | Zig:14   | Killed Qaxas the pandemonium lord
 65991 | Zig:14   | Identified a ring of the Octopus King {AC+1 EV+1 Str+1
                  | Int+1 Dex+1 SInv}
 65997 | Zig:14   | Identified the +6 glaive of War {flame, MP+9 SInv}
 66005 | Zig:15   | Entered Level 15 of a ziggurat
 66024 | Zig:15   | Reached skill level 10 in Necromancy
 66036 | Zig:15   | Identified the ring of Departure {Will+ MP+9 Str+3 Stlth+}
 66055 | Zig:15   | Identified the ring "Ymuhat" {Will+ Dex+4}
 66067 | Zig:15   | Reached skill level 10 in Transmutations
 66143 | Zig:16   | Entered Level 16 of a ziggurat
 66244 | Zig:17   | Entered Level 17 of a ziggurat
 66264 | Zig:17   | Found the +7 captain's cutlass {speed, disarm}
 66310 | Zig:17   | Identified the +5 short sword of Elaargh {holy, *Noise
                  | rPois rF+}
 66317 | Zig:17   | Identified the +3 flail of Vopimunn {vorpal, rElec rPois
                  | rC+ Str-5}
 66324 | Zig:17   | Identified the +2 leather armour "Ruymm" {MP+9 Str+5 Int+3}
 66348 | Zig:18   | Entered Level 18 of a ziggurat
 66353 | Zig:18   | Paralysed by a floating eye for 3 turns
 66360 | Zig:18   | Paralysed by a floating eye for 4 turns
 66372 | Zig:18   | Found the +3 robe of Clouds {+Thunder rCloud rElec}
 66416 | Zig:18   | Identified the +1 leather armour "Orghex" {rN++}
 66426 | Zig:18   | Identified the +7 hand crossbow "Gyusenyala" {venom, rElec
                  | rPois rCorr Str-2}
 66429 | Zig:18   | Identified the +0 plate armour "Laibiqus" {rPois rF+}
 66439 | Zig:19   | Entered Level 19 of a ziggurat
 66558 | Zig:19   | Acquired 616 gold pieces
 66559 | Zig:19   | Acquired 605 gold pieces
 66581 | Zig:20   | Entered Level 20 of a ziggurat
 66598 | Zig:20   | Reached skill level 15 in Necromancy
 66822 | Zig:20   | Identified the amulet "Hycval" {Acrobat Int+7}
 66839 | Zig:21   | Entered Level 21 of a ziggurat
 66901 | Zig:21   | Identified the +1 chain mail of the Abyss {-Cast Harm rPois
                  | Regen+}
 66909 | Zig:21   | Identified the +3 scale mail of Lethargy {Harm rPois Int-4
                  | Dex-3}
 66928 | Zig:22   | Entered Level 22 of a ziggurat
 66942 | Zig:22   | Noticed a royal mummy
 66944 | Zig:22   | Noticed a royal mummy
 66946 | Zig:22   | Noticed a royal mummy
 66946 | Zig:22   | Noticed a royal mummy
 66946 | Zig:22   | Noticed a royal mummy
 66947 | Zig:22   | Noticed a royal mummy
 66949 | Zig:22   | Noticed a royal mummy
 66952 | Zig:22   | Noticed a royal mummy
 66952 | Zig:22   | Noticed a royal mummy
 66952 | Zig:22   | Noticed a royal mummy
 66952 | Zig:22   | Noticed a royal mummy
 66952 | Zig:22   | Noticed a royal mummy
 66952 | Zig:22   | Noticed a royal mummy
 66954 | Zig:22   | Killed a royal mummy
 66955 | Zig:22   | Killed a royal mummy
 66956 | Zig:22   | Killed a royal mummy
 66956 | Zig:22   | Killed a royal mummy
 66956 | Zig:22   | Killed a royal mummy
 66957 | Zig:22   | Noticed a royal mummy
 66958 | Zig:22   | Killed a royal mummy
 66958 | Zig:22   | Killed a royal mummy
 66958 | Zig:22   | Killed a royal mummy
 66959 | Zig:22   | Killed a royal mummy
 66959 | Zig:22   | Killed a royal mummy
 66959 | Zig:22   | Killed a royal mummy
 66960 | Zig:22   | Killed a royal mummy
 66960 | Zig:22   | Killed a royal mummy
 66961 | Zig:22   | Reached skill level 15 in Dodging
 66963 | Zig:22   | Killed a royal mummy
 67013 | Zig:22   | Identified the amulet "Juiqui" {Reflect Regen+ SH+5}
 67017 | Zig:22   | Identified the +8 spear of the Vaults {flame, Dex+4 Stlth-}
 67020 | Zig:22   | Identified the +2 robe of Reason {rPois rF- Int+6 Slay+2}
 67026 | Zig:22   | Identified the +9 plate armour of Divine Compulsion {Drain
                  | rN+ Int+6 Slay+3}
 67032 | Zig:22   | Identified the +0 robe of Naimuer {Drain rN+++ Will-
                  | Stlth+}
 67036 | Zig:23   | Entered Level 23 of a ziggurat
 67176 | Zig:23   | Identified the +9 short sword of Deicas {vorpal, rElec
                  | rCorr Dex-5}
 67190 | Zig:23   | Identified the +7 hunting sling "Transmigrator" {speed,
                  | Int+4}
 67195 | Zig:23   | Identified the -1 buckler of the Durable Jabberwock {rPois
                  | rC- Str+5}
 67199 | Zig:23   | Identified the +4 double sword of Vengeance {flame, rElec
                  | rPois Str-2 Int+7}
 67215 | Zig:23   | Identified the amulet "Yvvomy" {Acrobat rElec Int+3 Dex-4}
 67229 | Zig:24   | Entered Level 24 of a ziggurat
 67247 | Zig:24   | Noticed an ancient lich
 67248 | Zig:24   | Noticed an ancient lich
 67249 | Zig:24   | Noticed a dread lich
 67249 | Zig:24   | Noticed an ancient lich
 67249 | Zig:24   | Noticed a dread lich
 67249 | Zig:24   | Noticed a dread lich
 67252 | Zig:24   | Killed a dread lich
 67252 | Zig:24   | Killed an ancient lich
 67252 | Zig:24   | Killed an ancient lich
 67252 | Zig:24   | Killed an ancient lich
 67252 | Zig:24   | Killed a dread lich
 67252 | Zig:24   | Killed a dread lich
 67252 | Zig:24   | Noticed a dread lich
 67254 | Zig:24   | Killed a dread lich
 67254 | Zig:24   | Noticed an ancient lich
 67254 | Zig:24   | Noticed an ancient lich
 67256 | Zig:24   | Killed an ancient lich
 67256 | Zig:24   | Noticed an ancient lich
 67257 | Zig:24   | Killed an ancient lich
 67258 | Zig:24   | Killed an ancient lich
 67419 | Zig:24   | Identified the +4 lajatang "Yreyrphip" {protect, rF+ Dex+3}
 67429 | Zig:24   | Acquired 1218 gold pieces
 67448 | Zig:25   | Entered Level 25 of a ziggurat
 67463 | Zig:25   | Noticed an ancient lich
 67469 | Zig:25   | Killed an ancient lich
 67471 | Zig:25   | Noticed a dread lich
 67477 | Zig:25   | Killed a dread lich
 67490 | Zig:25   | Found the brooch of Shielding {Spirit SH+8}
 67542 | Zig:26   | Entered Level 26 of a ziggurat
 67583 | Zig:26   | Identified the amulet "Liegei" {Spirit rC- rN++ Int+4
                  | Stlth+}
 67592 | Zig:26   | Identified the +8 shortbow "Wiohynt" {freeze, Dex+3}
 67609 | Zig:26   | Identified the +2 shortbow of the Lonely Artisans {vorpal,
                  | rF+ rC- Str+3}
 67617 | Zig:27   | Entered Level 27 of a ziggurat
 67640 | Zig:27   | Noticed a juggernaut
 67640 | Zig:27   | Noticed a juggernaut
 67641 | Zig:27   | Noticed a juggernaut
 67641 | Zig:27   | Noticed a juggernaut
 67641 | Zig:27   | Noticed a juggernaut
 67641 | Zig:27   | Noticed a juggernaut
 67641 | Zig:27   | Noticed a juggernaut
 67641 | Zig:27   | Noticed a juggernaut
 67643 | Zig:27   | Killed a juggernaut
 67644 | Zig:27   | Killed a juggernaut
 67644 | Zig:27   | Killed a juggernaut
 67644 | Zig:27   | Killed a juggernaut
 67644 | Zig:27   | Killed a juggernaut
 67644 | Zig:27   | Killed a juggernaut
 67644 | Zig:27   | Killed a juggernaut
 67644 | Zig:27   | Killed a juggernaut
 67684 | Zig:27   | Identified the ring "Lutor" {Ice Str+3 SInv}
 67722 | Zig:27   | Identified the ring of Bucuuph {Fly rC+++}
 67726 | Zig:27   | Identified the +8 arbalest "Xiem" {penet, rN+}
 67733 | Zig:27   | Identified the +7 dagger of Exoneration {venom, rC- Str+3
                  | Dex+6 Stlth+}
 67739 | Zig:27   | Identified the ring of Perfectionism {*Slow Int+6 Dex+3}
 67882 | D:15     | Learned a level 8 spell: Lehudib's Crystal Spear
 67892 | D:15     | Learned a level 9 spell: Polar Vortex
 67893 | Zig:1    | Entered Level 1 of a ziggurat
 67898 | Zig:1    | Reached skill level 1 in Ice Magic
 67905 | Zig:2    | Entered Level 2 of a ziggurat
 68003 | Zig:3    | Entered Level 3 of a ziggurat
 68033 | Zig:4    | Entered Level 4 of a ziggurat
 68035 | Zig:4    | Noticed a dread lich
 68039 | Zig:4    | Killed a dread lich
 68053 | Zig:5    | Entered Level 5 of a ziggurat
 68056 | Zig:5    | Noticed an ancient lich
 68059 | Zig:5    | Killed an ancient lich
 68067 | Zig:5    | Identified the amulet of Vehumet's Condemnation {Acrobat
                  | +Blink rPois rN+++ Int-3}
 68089 | Zig:6    | Entered Level 6 of a ziggurat
 68122 | Zig:6    | Learned a level 9 spell: Death's Door
 68128 | Zig:6    | Got Sif Muna's Collected Works on Feathers
 68134 | Zig:7    | Entered Level 7 of a ziggurat
 68140 | Zig:7    | Reached skill level 5 in Ice Magic
 68161 | Zig:7    | Identified the +4 spear of Waoclul {distort, rF+ rN+ Int+2}
 68164 | Zig:7    | Identified the ring "Qiemm" {Will+ Str+6 Slay+3}
 68177 | Zig:8    | Entered Level 8 of a ziggurat
 68185 | Zig:8    | Noticed an ancient lich
 68188 | Zig:8    | Killed an ancient lich
 68195 | Zig:8    | Identified the +2 leather armour of the Tick {*Corrode rC+
                  | Str+2 Dex+2}
 68196 | Zig:8    | Identified the ring of Janux {rPois Int-4 Dex+7}
 68206 | Zig:9    | Entered Level 9 of a ziggurat
 68215 | Zig:9    | Found the +5 scythe "Finisher" {speed, eviscerate}
 68245 | Zig:10   | Entered Level 10 of a ziggurat
 68255 | Zig:10   | Found the +7 Spriggan's Knife {stab, EV+4 Stlth+}
 68255 | Zig:10   | Noticed an ancient lich
 68255 | Zig:10   | Noticed a dread lich
 68257 | Zig:10   | Killed a dread lich
 68263 | Zig:10   | Killed an ancient lich
 68266 | Zig:10   | Identified the ring "Sintirch" {rPois rF+ Will+ rCorr}
 68280 | Zig:10   | Identified the +6 dagger of Sequestration {vorpal, rElec
                  | rPois Dex+3}
 68304 | Zig:11   | Entered Level 11 of a ziggurat
 68319 | Zig:11   | Found the +10 tower shield of Ignorance {rN+ Int-4}
 68321 | Zig:11   | Identified the amulet "Yrauk" {Acrobat rCorr Dex+5}
 68345 | Zig:11   | Identified the ring of Zeveluus {rPois rF+ rC+ Will++
                  | Dex-2}
 68353 | Zig:12   | Entered Level 12 of a ziggurat
 68364 | Zig:12   | Noticed a royal mummy
 68367 | Zig:12   | Found the +8 Vampire's Tooth {vamp}
 68367 | Zig:12   | Noticed a royal mummy
 68368 | Zig:12   | Killed a royal mummy
 68372 | Zig:12   | Killed a royal mummy
 68415 | Zig:12   | Identified the +1 ring mail of the Wild Haggis {rCorr}
 68427 | Zig:13   | Entered Level 13 of a ziggurat
 68440 | Zig:13   | Noticed Ujoorica the pandemonium lord
 68442 | Zig:13   | Reached skill level 10 in Ice Magic
 68469 | Zig:13   | Killed Ujoorica the pandemonium lord
 68621 | Zig:13   | Identified the ring "Pem Inau" {Int+6 Slay+3}
 68635 | Zig:14   | Entered Level 14 of a ziggurat
 68650 | Zig:14   | Noticed a royal mummy
 68650 | Zig:14   | Noticed a royal mummy
 68651 | Zig:14   | Noticed a royal mummy
 68652 | Zig:14   | Noticed a royal mummy
 68652 | Zig:14   | Noticed a royal mummy
 68653 | Zig:14   | Noticed a royal mummy
 68653 | Zig:14   | Noticed a royal mummy
 68653 | Zig:14   | Noticed a royal mummy
 68654 | Zig:14   | Killed a royal mummy
 68654 | Zig:14   | Killed a royal mummy
 68655 | Zig:14   | Killed a royal mummy
 68655 | Zig:14   | Killed a royal mummy
 68655 | Zig:14   | Killed a royal mummy
 68656 | Zig:14   | Killed a royal mummy
 68656 | Zig:14   | Killed a royal mummy
 68656 | Zig:14   | Killed a royal mummy
 68681 | Zig:14   | Identified the ring "Hocwucud" {AC+4 Int-3 Dex+7}
 68690 | Zig:14   | Identified the +8 rapier of Litorhos {spect, rPois}
 68704 | Zig:15   | Entered Level 15 of a ziggurat
 68752 | Zig:15   | Identified the +3 chain mail "Yvvas" {rElec rPois}
 68753 | Zig:15   | Identified the ring of Zubback {*Corrode rElec Will- Str+3
                  | SInv}
 68762 | Zig:15   | Identified the +8 dire flail "Gram" {freeze, Contam rCorr
                  | MP+9 Str+5}
 68813 | Zig:15   | Identified the +1 troll leather armour "Wudesm" {rPois
                  | Regen+ Int+4 Dex+3}
 68818 | Zig:15   | Identified the +7 fustibalus of Paper {freeze, Will+}
 68855 | Zig:16   | Entered Level 16 of a ziggurat
 68870 | Zig:16   | HP: 7/214 [shard shrike/shard of ice (60)]
 68871 | Zig:16   | Killed by miscasting Death's Door

Illustrated notes

Levels and vault maps discovered:
D:1:      pf_arrival_petrified_forest, layout_loops_corners,
          hellmonk_ecumenical_altar_dog_temple, minmay_misc_feat_x,
          minmay_tromino_v4_a
D:2:      layout_basic, supply_closet_lemuel, minmay_tall_x, uniq_jessica
D:3:      layout_basic, mainiacjoe_overflow_surrounded_room,
          portal_sewer_entry_e, corexii_leaking_fountain
D:4:      layout_cave_pools, minivault_4
D:5:      layout_cave_pools, minmay_temple_entry_nine_rooms, uniq_blork_the_orc
D:6:      wad_guarded_room, layout_cave_pools, nicolae_elyvilon_temple_path,
          amcnicky_altar_gilded, kennysheep_mini, nicolae_overflow_crystal_walls
D:7:      layout_rooms, mainiacjoe_overflow_brackets, serial_shops,
          nicolae_shop_waterfront
D:8:      layout_rooms, mainiacjoe_overflow_boulevard,
          gammafunk_ghost_abyssal_escape, serial_bayou_lagoon_a, st_stairs_4
D:9:      layout_loops_cross, david_orc_4, gammafunk_ghost_cemetery, kb_rosetta
D:10:     layout_cave_pods, lemuel_tele_altar, zin_purify,
          lemuel_coloured_pillars_altar, dpeg_oklobed_lair,
          small_chamber_with_monster
D:11:     wad_pebble_path, layout_loops_corners, kennysheep_generic_room_12
D:12:     layout_roguey, gauntlet_entry_generic, serial_park_tiny_2,
          grunt_ministairs_5, nicolae_stop_n_shop_1
D:13:     gammafunk_worm_tunnel, layout_basic, gammafunk_ghost_split,
          uniq_kirke, uniq_josephine
D:14:     minmay_blocky_corners, layout_layer_cave, erik_vaults_2,
          enter_bailey_3, kennysheep_donut, uniq_nessos
D:15:     gammafunk_enter_depths_forms, layout_cave_pools, serial_column_ruins,
          column_ruins_hut, column_ruins_hut_ruined, column_ruins_columns_T,
          column_ruins_grid_4, column_ruins_open_large, column_ruins_open_small,
          basic_altar, uniq_agnes
Temple:   nicolae_temple_x_marks_the_god
Lair:1:   layout_gridlike, basic_altar
Lair:2:   layout_regular_city, swamp_mist_pool,
          nicolae_spider_entry_orb_guardian, serial_bayou_shore_a,
          lemuel_fruit_tree
Lair:3:   layout_loops_ring, chequers_serial_rivers_micro_c, lemuel_fruit_fields
Lair:4:   layout_long_grid, infiniplex_staircase_pool, minmay_lair_oklob_chamber
Lair:5:   layout_cave_pods, portal_ice_cave_entry_pillars_1,
          hellmonk_guarded_unrand_seven_league_boots
Lair:6:   evilmike_catoblepas_cave, layout_long_grid, slime_altar_2,
          gammafunk_ghost_wrathful_warriors, grunt_megastairs_1
Swamp:1:  layout_basic_swamp, nicolae_swamp_big_swirl, swamp_pool5, uniq_roxanne
Swamp:2:  layout_basic_swamp, serial_swamp_ruin, evilmike_swamp_ruin_house_4,
          evilmike_swamp_ruin_house_5, evilmike_swamp_ruin_rubble_1,
          nicolae_swamp_triple_paths
Swamp:3:  layout_basic_swamp, hangedman_swamp_diagram
Swamp:4:  swamp_basic_johnstein, layout_basic_swamp, swamp_pool4, uniq_louise
Spider:1: layout_spider_delve, gammafunk_ghost_berserking_beasts
Spider:2: layout_chambers
Spider:3: layout_spider_delve
Spider:4: guppyfry_spider_rune
Slime:1:  layout_caves
Slime:2:  layout_caves
Slime:3:  cheibrodos_slime_lost_civilization_10, layout_caves,
          nicolae_slime_welcoming_committee
Slime:4:  layout_caves
Slime:5
Orc:1:    layout_diamond_mine, roderic_batcave
Orc:2:    kennysheep_orc_mage_school, layout_diamond_mine
Elf:1:    nicolae_elf_arrival_dilemma, layout_geoelf_diagonals,
          minmay_elf_sorcery, grunt_megastairs_2, uniq_donald
Elf:2:    elven_hall_of_blades_hangedman_original [nooodl_blade_entry_preview],
          layout_rooms, serial_shops, shop, basic_altar
Elf:3:    minmay_elf_hall_four_x, layout_rooms, serial_shops, shop,
          gammafunk_ghost_arena, onia_ninara_cookie, uniq_mara
Vaults:1: nicolae_vaults_yaktaur_gun_rack, v_misc_11, vaults_mumra_lcd,
          nicolae_vaults_halls_meeting, vaults_room_semicircle,
          vaults_dpeg_cross, ontoclasm_vaults_ligature,
          grunt_vaults_hallway_short, vaults_room_grunt_arrival_ludios,
          layout_vaults_omnibox, mu_enter_wizlab_4
Vaults:2: ontoclasm_vaults_bender, vaults_mumra_minichess, v_misc_5,
          nicolae_vaults_fighting_squares, ontoclasm_vaults_decontamination,
          vaults_mumra_hexcomb, layout_vaults_omnigrid, serial_shops, shop,
          nicolae_shop_waterfront, shop_scrolls,
          nicolae_shop_competitors_out_of_business, nicolae_shop_trees,
          uniq_nikola, uniq_asterion
Vaults:3: biasface_vaults_ghost_orc_armoury, minmay_crypt_entry_simple_corners,
          grunt_vaults_focal, nicolae_vaults_circle_grid_a, v_pattern_4,
          nicolae_vaults_little_squares_6, ontoclasm_vaults_shout,
          nicolae_vaults_theta, nicolae_vaults_disjoint_gnomons,
          vaults_room_semicircle, nicolae_vaults_angled_halls,
          vaults_room_octagon, grunt_vaults_hallway_long,
          nicolae_vaults_little_squares_6, vaults_standard_mumra_x,
          layout_vaults_maze, serial_shops, shop, uniq_margery, uniq_boris
Vaults:4: hangedman_vaults_locks, nicolae_vaults_gold_heap,
          nicolae_vaults_little_squares_1, hangedman_vaults_capsules,
          vaults_room_pools, vaults_dpeg_hooks, layout_vaults_big_room
Vaults:5
Crypt:1:  layout_chaotic_city, grunt_crypt_arrival_guarded_gate
Crypt:2:  layout_gridlike, grunt_megastairs_5
Crypt:3:  evilmike_haunted_forest
Depths:1: grunt_bent_corner, layout_cross, abyss_entry, hell_entry,
          lightli_minifort, serial_bayou_shore_b, minmay_shop_grove
Depths:2: regret_index_uskayaw_diablada_macabre, layout_gridlike,
          grunt_hell_entry_dis_old, okawaru_trees_1, corexii_hall_statues_l,
          ashenzari_altar_1, minmay_staircase_statues_hall_small,
          serial_bayou_shore_b
Depths:3: hangedman_stitches_corridor, layout_basic, pf_dread_powers_of_hell,
          nemelex_diamond_rough_becter, grunt_pan_entry_in_and_out
Depths:4: minmay_bad_star, layout_gridville, grunt_mini_vestibule,
          chequers_jeans, abyss_entry, eino_tiny_chamber, serial_bayou_shore_b,
          minmay_staircase_windowed_large, uniq_mennas, uniq_jory
Depths:5: grunt_zot_entry_tricorne, layout_cave_pools, enter_ziggurat_a,
          minmay_misc_feat_tower, hell_entry, serial_shops, shop,
          serial_bayou_shore_b, infiniplex_staircase_pool_lava, uniq_xtahua
Zig:16:   ziggurat_pillar_centre_oklobs, ziggurat_pillar_centre_oklobs,
          ziggurat_pillar_centre_oklobs, ziggurat_pillar_centre_oklobs

Skill      XL: |  1  2  3  4  5  6  7  8  9 10 11 12 13 14 15 16 17 18 19 20 21 22 23 24 25 26 27 |
---------------+----------------------------------------------------------------------------------+-----
Earth Magic    | 4 5 6 7 8 9 10 11 12 13 14 18 19 20 21 22 23 24 | 24.0
Spellcasting   | 3 4 5 6 7 8 9 10 11 12 13 14 25 | 25.4
Conjurations   | 1 2 3 4 5 6 7 8 9 10 11 12 13 14 15 16 22 | 22.5
Fighting       | 2 4 5 6 7 8 10 11 12 13 14 15 16 17 25 | 25.8
Maces & Flails | 2 3 4 6 7 8 9 10 11 12 13 14 16 | 16.0
Armour         | 2 3 5 6 |  6.0
Dodging        | 2 3 4 5 6 7 8 9 10 11 12 15 | 15.0
Evocations     | 2 3 4 5 6 7 8 9 10 | 10.0
Fire Magic     | 2 5 7 9 14 17 20 22 23 | 23.0
Transmutations | 10 | 10.0
Necromancy     | 18 | 18.0
Ice Magic      | 14 | 14.2
Stealth        | |  2.1

Action                   |  1- 3 |  4- 6 |  7- 9 | 10-12 | 13-15 | 16-18 | 19-21 | 22-24 | 25-27 || total
-------------------------+-------+-------+-------+-------+-------+-------+-------+-------+-------++-------
Melee: Unarmed           |    17 |       |       |     7 |       |       |       |       |       ||    24
       Club              |    10 |       |       |       |       |       |       |       |       ||    10
       Short sword       |    57 |    75 |       |       |       |       |       |       |       ||   132
       Rapier            |       |    10 |   128 |       |       |       |       |       |       ||   138
       Flail             |       |       |    78 |   345 |   124 |       |   414 |   441 |  1290 ||  2692
       Kick              |       |       |    12 |   109 |    20 |       |       |       |       ||   141
       Eveningstar       |       |       |       |       |   318 |  1010 |   230 |       |       ||  1558
Throw: Dart              |     5 |       |       |       |       |       |       |       |       ||     5
 Cast: Sandblast         |    23 |    42 |    74 |    61 |    41 |     6 |     1 |       |       ||   248
       Stone Arrow       |       |       |    25 |    92 |   120 |     2 |       |       |       ||   239
       Bolt of Magma     |       |       |       |    10 |   149 |    68 |    23 |     2 |     3 ||   255
       Irradiate         |       |       |       |       |    18 |    45 |     1 |       |     2 ||    66
       Iron Shot         |       |       |       |       |    11 |    52 |    90 |    32 |    39 ||   224
       Lee's Rapid Decon |       |       |       |       |       |    15 |    26 |     6 |     2 ||    49
       Ignition          |       |       |       |       |       |    31 |    93 |    40 |    99 ||   263
       Shatter           |       |       |       |       |       |       |       |    57 |   272 ||   329
       Lehudib's Crystal |       |       |       |       |       |       |       |       |     5 ||     5
       Necromutation     |       |       |       |       |       |       |       |       |     3 ||     3
       Fire Storm        |       |       |       |       |       |       |       |       |     2 ||     2
 Abil: End Transformatio |       |       |       |       |       |       |       |       |     2 ||     2
Evoke: Wand              |       |       |       |     7 |    14 |     1 |     3 |       |       ||    25
       Box of beasts     |       |       |       |       |     2 |     2 |     1 |       |     3 ||     8
       Condenser vane    |       |       |       |       |       |     2 |     5 |     1 |     5 ||    13
       Lightning rod     |       |       |       |       |       |     2 |     5 |       |       ||     7
       Tin of tremorston |       |       |       |       |       |       |     7 |       |     8 ||    15
       Phial of floods   |       |       |       |       |       |       |     1 |       |       ||     1
       Figurine of a zig |       |       |       |       |       |       |       |       |     1 ||     1
  Use: Scroll            |       |    10 |    10 |     3 |    19 |     5 |    12 |     8 |    15 ||    82
       Potion            |       |       |     4 |     1 |     4 |     7 |     5 |     6 |    14 ||    41
 Stab: Sleeping          |     3 |     2 |     4 |       |       |     1 |     3 |     1 |       ||    14
       Paralysed         |       |       |       |     3 |       |       |       |       |       ||     3
       Distracted        |       |       |       |       |     1 |     1 |     1 |       |     3 ||     6
Armor: Robe              |    29 |    34 |       |       |       |       |       |       |       ||    63
       Troll leather arm |       |    20 |   105 |   228 |   301 |  1171 |   522 |   195 |   888 ||  3430
Dodge: Dodged            |    66 |    55 |   119 |   333 |   461 |  1105 |   487 |   223 |  1310 ||  4159
Block: Other             |       |       |    45 |   127 |   141 |   325 |   166 |    56 |   320 ||  1180
       Reflection        |       |       |     2 |     2 |     8 |     2 |     5 |     6 |     5 ||    30

Table legend: (Time is in decaauts)
 A = Elapsed time spent in this place.
 B = Non-inter-level travel time spent in this place.
 C = Inter-level travel time spent in this place.
 D = Time resting spent in this place.
 E = Time spent auto-exploring this place.
 F = Levels seen in this place.
 G = Mean time per level.
                   A        B        C        D        E       F      G
               +--------+--------+--------+--------+--------+-----+--------+
         Total |  68623 |  63726 |   4897 |  10007 |  38588 | 100 |  686.2 |
       Dungeon |  20389 |  18646 |   1743 |   2480 |  12391 |  15 | 1359.3 |
        Temple |      8 |      4 |      4 |      0 |      0 |   1 |    8.0 |
          Lair |   7325 |   6548 |    777 |    456 |   5093 |   6 | 1220.8 |
         Swamp |   4082 |   3961 |    121 |    436 |   2625 |   4 | 1020.5 |
   Spider Nest |   5171 |   4894 |    277 |   1014 |   2853 |   4 | 1292.8 |
    Slime Pits |    752 |    694 |     58 |    326 |     33 |   5 |  150.4 |
  Orcish Mines |   1690 |   1480 |    210 |    136 |    871 |   2 |  845.0 |
   Elven Halls |   3788 |   3650 |    138 |    397 |   2419 |   3 | 1262.7 |
        Vaults |   8830 |   8029 |    801 |   1201 |   5355 |   5 | 1766.0 |
         Crypt |   3979 |   3838 |    141 |    457 |   2368 |   3 | 1326.3 |
        Depths |   5561 |   4938 |    623 |    240 |   3727 |   5 | 1112.2 |
      Ziggurat |   4127 |   4127 |      0 |   1839 |      0 |  43 |   96.0 |
         Sewer |    231 |    231 |      0 |      7 |    158 |   1 |  231.0 |
        Bailey |    638 |    638 |      0 |    224 |    145 |   1 |  638.0 |
      Ice Cave |   1281 |   1281 |      0 |    739 |    295 |   1 | 1281.0 |
        Wizlab |    765 |    765 |      0 |     54 |    253 |   1 |  765.0 |
               +--------+--------+--------+--------+--------+-----+--------+

Top non-repeatable levels by time:
    D:14: 2668 daAuts
Vaults:2: 2344 daAuts
 Crypt:3: 2253 daAuts
Spider:2: 2118 daAuts
    D:13: 2023 daAuts
     D:1: 1965 daAuts
Vaults:3: 1943 daAuts
    D:15: 1731 daAuts
Vaults:5: 1698 daAuts
   Elf:1: 1621 daAuts
    D:11: 1620 daAuts
Vaults:1: 1591 daAuts
 Swamp:4: 1539 daAuts
  Lair:5: 1503 daAuts
     D:6: 1502 daAuts
